 Dungeon Crawl Stone Soup version 0.27-a0-29-g2d0a2396b0 (webtiles) character file.

Game seed: 12784013539581740770

78 domi the Conjurer (level 4, -1/33 HPs)
             Began as a Ghoul Conjurer on Jan 4, 2021.
             Slain by a sky beast (2 damage)
             ... on level 1 of the Dungeon.
             The game lasted 00:04:20 (1960 turns).

domi the Conjurer (Ghoul Conjurer)                  Turns: 1960, Time: 00:04:21

Health: -1/33      AC:  2    Str: 10    XL:     4   Next: 36%
Magic:  6/6        EV: 12    Int: 14    God:
Gold:   146        SH:  0    Dex:  7    Spells: 2/8 levels left

rFire    . . .     SeeInvis .   m - +2 hand axe (venom)
rCold    + . .     Faith    .   (no shield)
rNeg     + + +     Spirit   .   a - +0 robe
rPois    ∞         Reflect  .   (no helmet)
rElec    .         Harm     .   (no cloak)
rCorr    .         Rampage  .   (no gloves)
Will     .....                  (no boots)
Stlth    ++........             (no amulet)
HPRegen  0.00/turn              (no ring)
MPRegen  0.10/turn              (no ring)

@: mighty
A: claws 1, cold resistance 1, negative energy resistance 3, inhibited
regeneration, torment resistance, unbreathing
a: no special abilities


You were on level 1 of the Dungeon.
You visited 1 branch of the dungeon, and saw 2 of its levels.

You collected 146 gold pieces.

Inventory:

Hand Weapons
 d - a +1 short sword of freezing
   (You took it off a kobold on level 1 of the Dungeon)
 m - a +2 hand axe of venom (weapon)
   (You took it off an orc on level 2 of the Dungeon)
Missiles
 l - 38 poisoned darts
Armour
 a - a +0 robe (worn)
 g - a +0 pair of boots
   (You found it on level 1 of the Dungeon)
Jewellery
 j - an uncursed ring of stealth {unknown}
   (You found it on level 2 of the Dungeon)
Scrolls
 b - 3 scrolls of fear {unknown}
 e - 2 scrolls of identify {unknown}
 f - a scroll of magic mapping {unknown}
 h - a scroll of remove curse {unknown}
 k - a scroll of immolation {unknown}
 n - a scroll of enchant weapon {unknown}
 o - a scroll of random uselessness {unknown}
Potions
 c - a potion of curing {unknown}


   Skills:
 - Level 1.7 Dodging
 - Level 2.1 Stealth
 + Level 2.5 Spellcasting
 * Level 4.3 Conjurations


You had 2 spell levels left.
You knew the following spells:

 Your Spells              Type           Power        Failure   Level
x - Searing Ray           Conj           26%          6%          2
y - Dazzling Flash        Conj/Hex       14%          28%         3
z - Magic Dart            Conj           52%          3%          1

Your spell library contained the following spells:

 Spells                   Type           Power        Failure   Level
 Fulminant Prism          Conj/Hex       3%           67%         4
 Iskenderun's Mystic Bla  Conj/Tloc      7%           67%         4


Dungeon Overview and Level Annotations

Branches:
Dungeon (2/15)

Altars:
Okawaru


Innate Abilities, Weirdness & Mutations

You thrive by killing the living.
You are immune to poison.
You have sharp fingernails.
Your flesh is cold resistant. (rC+)
You are immune to negative energy. (rN+++)
You do not regenerate when monsters are visible.
You are immune to unholy pain and torment.
You can survive without breathing.


Message History

An adder is nearby!
You barely miss the adder. The adder bites you. The adder barely misses you.
An adder is nearby!
You take 4 damage, and have 29/33 hp.
You miss the adder. The adder barely misses you.
You closely miss the adder. The adder misses you. The adder barely misses you.
An adder is nearby!
You hit the adder.
The adder looks as sick as possible!
You kill the adder!
You now have 146 gold pieces (gained 10).
There is a stone staircase leading down here.
Things that are here:
a +0 hunting sling; a +0 dagger; 14 stones
Found a stone staircase leading up.
No target in view!
Health restored: 33 You see here a +0 ring mail.
You open the door.
There is an open door here.
Found a stone staircase leading down.
No target in view!
A frilled lizard comes into view.
Found a dagger.
Found an escape hatch in the ceiling.
A kobold comes into view. It is wielding a +0 hand axe.
There are monsters nearby!
There are monsters nearby!
Found a stone staircase leading up.
A frilled lizard is nearby!
You closely miss the frilled lizard. The frilled lizard closely misses you.
There are monsters nearby!
You barely miss the frilled lizard. The frilled lizard closely misses you.
The kobold throws a stone.
The stone hits you. The frilled lizard bites you.
You take 2 damage, and have 31/33 hp.
You hit the frilled lizard.
You kill the frilled lizard!
You feel better.
Health restored: 33 No target in view!
The kobold barely misses you.
A kobold is nearby!
You hit the kobold.
The kobold is poisoned.
The kobold hits you but does no damage.
A kobold is nearby!
You hit the kobold.
You kill the kobold!
o - a scroll labelled TOARIP HIGO
Things that are here:
a +0 hand axe; 34 stones No target in view!
No target in view!
No target in view!
A hobgoblin comes into view.
The hobgoblin shouts!
A sky beast comes into view.
The hobgoblin moves out of view.
There is a stone staircase leading up here.
A ball python comes into view.
The ball python moves out of view.
You see here a dagger.
There are monsters nearby!
The hobgoblin barely misses you.
The sky beast flickers out of sight!
Deactivating autopickup; reactivate with Ctrl-A.
A hobgoblin is nearby!
You barely miss the hobgoblin. The hobgoblin hits you.
The hobgoblin misses you.
You take 3 damage, and have 30/33 hp.
A hobgoblin is nearby!
You barely miss the hobgoblin. The hobgoblin hits you.
You take 4 damage, and have 26/33 hp.
You closely miss the hobgoblin. The hobgoblin hits you.
You take 2 damage, and have 24/33 hp.
You hit the hobgoblin.
The hobgoblin is poisoned.
You closely miss something. Something hits you but does no damage.
The hobgoblin hits you. Something completely misses you.
The hobgoblin barely misses you.
You take 3 damage, and have 21/33 hp.
You hit the hobgoblin but do no damage.
The hobgoblin looks as sick as possible!
You closely miss something.
You kill the hobgoblin!
Something hits you. Something shocks you.
You take 7 damage, and have 14/33 hp.
MASSIVE DAMAGE!!
There is an escape hatch in the ceiling here.
Something hits you. Something shocks you.
* * * LOW HITPOINT WARNING * * *
A mysterious force pulls you upwards. The hatch slams shut behind you.
Reactivating autopickup.
You take 7 damage, and have 7/33 hp.
MASSIVE DAMAGE!!
You start resting.
Something hits you.
* * * LOW HITPOINT WARNING * * *
Something shocks you.
* * * LOW HITPOINT WARNING * * *
Deactivating autopickup; reactivate with Ctrl-A.
You take 6 damage, and have 1/33 hp.
Unknown command.
It was a potion of might.
You feel very mighty all of a sudden. Something hits you.
You die...

#.#........#.## ###########
#.#.##.....#... ..........#
#...##.......## #.#.#.#.#.#####
##...........# ..............#
##..#....##.## #.#.#.#.###...#
#..#.....##.#.
.........##...######.............
#†#.#.#.###........#..##.........
.........##.....@..##'#..........
#.#.#.#.###......................
.........##.................#..##
#.#.#.#.###..................#.##
.........##......................
#.#.#.#.###....................#.
#####..##......................#.
##.##.#########............#.
#)##.##.....###########.....


There were no monsters in sight!

Vanquished Creatures
  2 adders (D:2)
  An ooze (D:2)
  A worm (D:2)
  2 dart slugs (D:1)
  3 leopard geckos (D:1)
  An orc (D:2)
  8 bats
  2 giant cockroaches (D:1)
  6 goblins
  4 hobgoblins
  A quokka (D:2)
  A ball python (D:2)
  7 frilled lizards
  2 kobolds
  6 rats
47 creatures vanquished.

Notes
Turn   | Place    | Note
-------+----------+-------------------------------------------
     0 | D:1      | domi the Ghoul Conjurer began the quest for the Orb.
     0 | D:1      | Reached XP level 1. HP: 14/14 MP: 2/2
   135 | D:1      | Reached skill level 2 in Spellcasting
   135 | D:1      | Reached XP level 2. HP: 20/20 MP: 0/4
   609 | D:1      | Reached XP level 3. HP: 26/26 MP: 1/5
  1261 | D:2      | Reached skill level 4 in Conjurations
  1366 | D:2      | Found an iron altar of Okawaru.
  1482 | D:2      | Reached XP level 4. HP: 31/33 MP: 4/6
  1707 | D:2      | Learned a level 2 spell: Searing Ray
  1711 | D:2      | Learned a level 3 spell: Dazzling Flash
  1942 | D:2      | Noticed a sky beast
  1957 | D:2      | HP: 7/33 [something (5)]
  1959 | D:1      | HP: 1/33 [something (5)]
  1960 | D:1      | Slain by a sky beast

Illustrated notes

Levels and vault maps discovered:
D:1:      eino_arrival_water_star, layout_basic, dk_noncrumbling_3,
          serial_bayou_pond_d, hangedman_abyss_or_decor_lesser_grid,
          st_stairs_11, hangedman_decor_growths
D:2:      layout_basic, lemuel_round_altar, nzn_wu_jian_council_hall

Skill      XL: |  1  2  3 |
---------------+----------+-----
Spellcasting   | 2 |  2.5
Conjurations   | 4 |  4.3
Dodging        | |  1.7
Stealth        | |  2.1

Action                   |  1- 3 |  4- 6 || total
-------------------------+-------+-------++-------
Melee: Unarmed           |    31 |       ||    31
       Short sword       |    39 |    12 ||    51
       Hand axe          |       |    29 ||    29
 Cast: Magic Dart        |    39 |    13 ||    52
  Use: Potion            |       |     1 ||     1
 Stab: Sleeping          |     2 |     1 ||     3
Armor: Robe              |    13 |     7 ||    20
Dodge: Dodged            |    54 |    31 ||    85

Table legend: (Time is in decaauts)
 A = Elapsed time spent in this place.
 B = Non-inter-level travel time spent in this place.
 C = Inter-level travel time spent in this place.
 D = Time resting spent in this place.
 E = Time spent auto-exploring this place.
 F = Levels seen in this place.
 G = Mean time per level.
                   A        B        C        D        E       F      G
               +--------+--------+--------+--------+--------+-----+--------+
         Total |   1974 |   1943 |     31 |    202 |   1315 |   2 |  987.0 |
       Dungeon |   1974 |   1943 |     31 |    202 |   1315 |   2 |  987.0 |
               +--------+--------+--------+--------+--------+-----+--------+

Top non-repeatable levels by time:
     D:1: 1254 daAuts
     D:2: 720 daAuts

Table legend:
 A = Kills in this place as a percentage of kills in entire the game.
 B = Kills by you in this place as a percentage of kills by you in the entire game.
 C = Kills by friends in this place as a percentage of kills by friends in the entire game.
 D = Other kills in this place as a percentage of other kills in the entire game.
 E = Experience gained in this place as a percentage of experience gained in the entire game.
 F = Experience gained in this place divided by the number of levels of this place that you have seen.
                   A       B       C       D       E      F
               +-------+-------+-------+-------+-------+----------------------
         Total | 100.0 | 100.0 |   N/A |   N/A | 100.0 |  56.0
       Dungeon | 100.0 | 100.0 |   N/A |   N/A | 100.0 |  56.0
               +-------+-------+-------+-------+-------+----------------------
